 Seeded DCSS version 0.32-a0-306-gfed3edf829 (webtiles) character file.

Game seed: 396011168378503637 (custom seed)

8334 SigmundSlayer the Protected (level 11, -5/77 HPs)
             Began as a Demonspawn Earth Elementalist on Feb 14, 2024.
             Was a Priest of Cheibriados.
             Slain by a skeletal warrior
             ... wielding a +0 glaive
              (16 damage)
             ... on level 9 of the Dungeon.
             The game lasted 00:18:46 (8622 turns).

SigmundSlayer the Protected (DsEE)                  Turns: 8622, Time: 00:18:46

Health: -5/77      AC: 19    Str: 16    XL:     11   Next: 8%
Magic:  4/27       EV: 14    Int: 28    God:    Cheibriados [***...]
Gold:   552        SH:  0    Dex: 22    Spells: 12/20 levels left

rFire   . . .        a - staff of earth
rCold   + . .        (no shield)
rNeg    . . .        e - +3 ring mail {rC+}
rPois   .            j - +0 helmet
rElec   .            t - +0 cloak
rCorr   .            (gloves unavailable)
SInv    .            d - +1 pair of boots
Will    .....        (no amulet)
Stlth   ++           o - +4 ring of protection
HPRegen 0.32/turn    l - ring of magical power
MPRegen 0.40/turn

%: no passive effects
@: very slightly contaminated, very slow
A: magic regeneration, weakness stinger 2, demonic touch 3
a: Renounce Religion, Bend Time, Temporal Distortion


You were on level 9 of the Dungeon.
You worshipped Cheibriados.
Cheibriados was most pleased with you.
You visited 2 branches of the dungeon, and saw 10 of its levels.

You collected 552 gold pieces.

Inventory:

Hand Weapons
 f - the +3 dagger "Jelly's Death" {drain, rC+ SInv}
   (You found it on level 3 of the Dungeon)

   rC+:       It protects you from cold.
   SInv:      It lets you see invisible.
Armour
 d - a +1 pair of boots (worn)
 e - a +3 ring mail of cold resistance (worn)
 j - a +0 helmet (worn)
 t - a +0 cloak (worn)
Magical Staves
 a - a staff of earth (weapon)
Jewellery
 h - a ring of protection from cold
 l - a ring of magical power (right hand)
 o - a +4 ring of protection (left hand)
Talismans
 k - a granite talisman
Wands
 s - a wand of polymorph (12)
Scrolls
 c - 2 scrolls of teleportation
 g - 2 scrolls of poison
 i - 2 scrolls of identify
 r - a scroll of immolation
 u - 3 scrolls of noise
 v - a scroll of revelation
Potions
 b - 2 potions of might
 m - a potion of heal wounds
 q - 5 potions of curing


   Skills:
 - Level 4.0 Fighting
 - Level 2.0 Staves
 + Level 8.6 Armour
 - Level 5.0 Dodging
 - Level 1.7 Stealth
 - Level 5.0 Spellcasting
 - Level 5.0 Conjurations
 - Level 8.0 Earth Magic
 - Level 2.0 Evocations
 - Level 5.0 Shapeshifting


You had 12 spell levels left.
You knew the following spells:

 Your Spells              Type           Power      Damage    Failure   Level
a - Sandblast             Erth           100%       2d20      1%          1
b - Stone Arrow           Conj/Erth      100%       3d13      2%          3
c - Brom's Barrelling Bo  Conj/Erth      60%        2d8       8%          4

Your spell library contained the following spells:

 Spells                   Type           Power      Damage    Failure   Level
 Passwall                 Erth           67%        N/A       1%          3
 Ensorcelled Hibernation  Hex/Ice        14%        N/A       17%         2
 Petrify                  Alch/Erth      44%        N/A       22%         4
 Swiftness                Air            7%         N/A       32%         3


Dungeon Overview and Level Annotations

Branches:
Dungeon (9/15)             Temple (1/1) D:6
   Lair: D:8-11         Orc: D:9-12

Altars:
Ashenzari
Cheibriados
Dithmenos
Fedhas
Gozag
Hepliaklqana
Makhleb
Qazlal
Ru
Sif Muna
Trog
Uskayaw
Vehumet
Wu Jian
Xom
Yredelemnul

Shops:
D:2 [


Innate Abilities, Weirdness & Mutations

You regenerate magic rapidly.
You have a tail ending in a sharp stinger.
Your touch may irresistibly damage your foes and sap their willpower.


Message History

You feel a surge of power!
You send a boulder barrelling forward!
The skeletal warrior hits your boulder with a +0 glaive!!
The boulder barrels into the skeletal warrior!
The skeletal warrior is knocked back.
The boulder barrels into the skeletal warrior!
The skeletal warrior is knocked back.
The boulder barrels into the skeletal warrior!
The skeletal warrior is heavily damaged.
Your boulder is destroyed!
Casting: Brom's Barrelling Boulder (dangerous; 8% risk of failure)
Confirm with . or Enter, or press ? or * to list all spells.
Aiming: Brom's Barrelling Boulder (dangerous; 8% risk of failure)
Press: ? - help, Dir - move target, f/p - skeletal warrior
Aim: a skeletal warrior, wielding a +0 glaive (heavily damaged, 100% to hit)
You feel a surge of power!
You send a boulder barrelling forward!
The boulder barrels into the skeletal warrior!
The skeletal warrior is knocked back.
Casting: Brom's Barrelling Boulder (dangerous; 8% risk of failure)
Confirm with . or Enter, or press ? or * to list all spells.
Aiming: Brom's Barrelling Boulder (dangerous; 8% risk of failure)
Press: ? - help, Dir - move target, f/p - skeletal warrior
Aim: a skeletal warrior, wielding a +0 glaive (heavily damaged, 100% to hit)
You feel a surge of power!
You send a boulder barrelling forward!
Your boulder slams into a wall and explodes!
The skeletal warrior hits you from afar with a +0 glaive!
* * * LOW HITPOINT WARNING * * *
The boulder barrels into the skeletal warrior!
The skeletal warrior is knocked back.
The boulder barrels into the skeletal warrior!
The skeletal warrior is heavily damaged.
Your boulder crumbles as it rolls away.
Casting: Brom's Barrelling Boulder (dangerous; 8% risk of failure)
Confirm with . or Enter, or press ? or * to list all spells.
Aiming: Brom's Barrelling Boulder (dangerous; 8% risk of failure)
Press: ? - help, Dir - move target, f/p - skeletal warrior
Aim: a skeletal warrior, wielding a +0 glaive (heavily damaged, 100% to hit)
You feel a surge of power!
You send a boulder barrelling forward!
The skeletal warrior hits you from afar with a +0 glaive!
You die...
Cheibriados appreciates the motionlessness of death.

.....#...#.......#
#.[...###.....#####
.#...........#....#
.#...........#....#
#...........#....#
.###.....###z...## .
...#...#....z..# .
...#...#.....*.# .
..#...#......@#... .
###.....###.........#
.
.(.........#)......##
.
...........#.......#
.
...........#.......#
#
...###.....###......
.
#...#.......#...##..
. .
#...#.......#...##.
...#...#.......#...'.


You could see 2 skeletal warriors and a friendly boulder.

Vanquished Creatures
  A two-headed ogre (D:9)
  A skeletal warrior (D:9)
  Maurice (D:8)
  Joseph (D:8)
  A hornet (D:8)
  16 yaks (D:9)
  2 wyverns
  A steam dragon (D:7)
  Menkaure (D:4)
  An acid dragon (D:8)
  5 water moccasins
  2 orc warriors
  A sky beast (D:8)
  An ice beast (D:6)
  An ogre (D:6)
  3 black bears
  A centaur (D:9)
  3 kobold brigands
  3 bullfrogs
  4 scorpions
  4 wights (D:8)
  5 killer bees (D:9)
  4 bombardier beetles
  2 hounds
  2 jellies
  5 orc priests
  4 iguanas
  3 orc wizards
  13 adders
  2 white imps
  4 ufetubi
  2 dart slugs
  21 orcs
  3 endoplasms
  7 giant cockroaches
  11 goblins
  7 hobgoblins
  A jackal (D:4)
  2 quokkas
  5 ball pythons
  4 bats
  5 frilled lizards
  21 kobolds
  6 rats
193 creatures vanquished.

Vanquished Creatures (collateral kills)
  5 boulders (D:9)
5 creatures vanquished.

Vanquished Creatures (others)
  3 boulders (D:9)
3 creatures vanquished.

Grand Total: 201 creatures vanquished

Notes
Turn   | Place    | Note
-------+----------+-------------------------------------------
     0 | D:1      | SigmundSlayer the Demonspawn Earth Elementalist began the
                  | quest for the Orb.
     0 | D:1      | Reached XP level 1. HP: 13/13 MP: 3/3
   351 | D:1      | Found a faded altar of an unknown god.
   433 | D:1      | Discovered your monstrous ancestry.
   433 | D:1      | Gained mutation: You have a small tail. [demonic ancestry]
   433 | D:1      | Reached XP level 2. HP: 19/19 MP: 0/5
  1046 | D:1      | Gained mutation: Your touch may inflict minor irresistible
                  | damage on your foes. [demonic ancestry]
  1046 | D:1      | Reached XP level 3. HP: 24/24 MP: 4/6
  1178 | D:2      | Reached skill level 1 in Evocations
  1262 | D:2      | Reached skill level 1 in Staves
  1636 | D:2      | Gained mutation: You regenerate magic rapidly. [demonic
                  | ancestry]
  1636 | D:2      | Reached XP level 4. HP: 30/30 MP: 5/7
  1800 | D:2      | Found Reotwe's Antique Armour Boutique.
  2078 | D:3      | Reached skill level 1 in Shapeshifting
  2176 | D:3      | Identified the +3 dagger "Jelly's Death" {drain, rC+ SInv}
  2249 | D:3      | Gained mutation: You have a tail ending in a sharp stinger.
                  | [demonic ancestry]
  2249 | D:3      | Reached XP level 5. HP: 35/35 MP: 6/8
  2847 | D:4      | HP: 1/52 [orc/+0 whip (4)]
  2870 | D:4      | Reached XP level 6. HP: 21/41 MP: 7/9
  3381 | D:4      | Noticed Menkaure
  3385 | D:4      | Killed Menkaure
  3386 | D:4      | Reached skill level 5 in Earth Magic
  3386 | D:4      | Reached skill level 1 in Fighting
  3386 | D:4      | Reached XP level 7. HP: 48/48 MP: 8/11
  3574 | D:5      | Entered Level 5 of the Dungeon
  3728 | D:5      | Learned a level 3 spell: Stone Arrow
  4278 | D:6      | Gained mutation: Your touch may inflict irresistible damage
                  | on your foes. [demonic ancestry]
  4278 | D:6      | Reached XP level 8. HP: 56/56 MP: 14/14
  5053 | D:6      | Found a staircase to the Ecumenical Temple.
  5099 | Temple   | Found a transporter.
  5099 | Temple   | Found a transporter.
  5099 | Temple   | Found a transporter.
  5099 | Temple   | Found a transporter.
  5099 | Temple   | Entered the Ecumenical Temple
  5128 | Temple   | Became a worshipper of Cheibriados the Contemplative
  5575 | D:7      | Reached XP level 9. HP: 51/63 MP: 15/15
  6182 | D:7      | Reached * piety under Cheibriados
  6726 | D:8      | Reached skill level 5 in Conjurations
  6780 | D:8      | Reached skill level 5 in Spellcasting
  6814 | D:8      | Noticed Maurice
  6820 | D:8      | Killed Maurice
  6867 | D:8      | Noticed Joseph
  7354 | D:8      | Killed Joseph
  7355 | D:8      | Reached skill level 5 in Shapeshifting
  7443 | D:8      | Reached XP level 10. HP: 71/71 MP: 17/17
  7479 | D:8      | Learned a level 4 spell: Brom's Barrelling Boulder
  7724 | D:8      | Reached ** piety under Cheibriados
  7725 | D:8      | Reached skill level 5 in Dodging
  7725 | D:8      | Reached skill level 1 in Armour
  7871 | D:9      | Noticed a two-headed ogre
  7928 | D:9      | Noticed a skeletal warrior
  7935 | D:9      | Killed a two-headed ogre
  7936 | D:9      | Reached skill level 5 in Armour
  7984 | D:9      | Killed a skeletal warrior
  8404 | D:9      | Reached *** piety under Cheibriados
  8413 | D:9      | Gained mutation: Your touch may irresistibly damage your
                  | foes and sap their willpower. [demonic ancestry]
  8413 | D:9      | Reached XP level 11. HP: 77/77 MP: 4/18
  8596 | D:9      | Noticed a skeletal warrior
  8596 | D:9      | Noticed a skeletal warrior
  8622 | D:9      | Slain by a skeletal warrior

Illustrated notes

Levels and vault maps discovered:
D:1:      scummos_arrival_forest, layout_basic, ebering_ecumenical_altar_rust
D:2:      layout_loops_cross, serial_shops, shop, minmay_close_crescents
D:3:      layout_basic
D:4:      layout_loops_ring, minmay_circle_x, uniq_menkaure
D:5:      layout_loops_ring
D:6:      layout_loops_ring, minmay_temple_entry_large_hall
D:7:      layout_basic
D:8:      layout_rooms, uniq_maurice, uniq_joseph
D:9:      nicolae_hitomezashi [nicolae_hito_row, nicolae_hito_row,
          nicolae_hito_row, nicolae_hito_row, nicolae_hito_row,
          nicolae_hito_row, nicolae_hito_row, nicolae_hito_row,
          nicolae_hito_row, nicolae_hito_row, nicolae_hito_row,
          nicolae_hito_row, nicolae_hito_row, nicolae_hito_row,
          nicolae_hito_row, nicolae_hito_row, nicolae_hito_row,
          nicolae_hito_row], layout_gridville, dreamdust_princess_corridor
Temple:   hellmonk_temple_divided_pantheon

Skill      XL: |  1  2  3  4  5  6  7  8  9 10 |
---------------+-------------------------------+-----
Earth Magic    | 3 4 5 6 7 8 |  8.0
Evocations     | 1 2 |  2.0
Staves         | 1 2 |  2.0
Shapeshifting  | 1 2 3 4 5 |  5.0
Spellcasting   | 3 4 5 |  5.0
Fighting       | 1 2 3 4 |  4.0
Dodging        | 2 3 4 5 |  5.0
Conjurations   | 2 5 |  5.0
Armour         | 8 |  8.6
Stealth        | |  1.7

Action                     |  1- 3 |  4- 6 |  7- 9 | 10-12 || total
---------------------------+-------+-------+-------+-------++-------
  Melee: Staff             |       |     8 |     1 |    21 ||    30
         Touch             |       |       |       |     3 ||     3
         Tailslap          |       |       |       |     2 ||     2
   Cast: Sandblast         |    42 |    85 |   123 |    28 ||   278
         Stone Arrow       |       |       |    21 |    52 ||    73
         Brom's Barrelling |       |       |       |    11 ||    11
    Use: Scroll            |       |     7 |     7 |     5 ||    19
         Potion            |       |     5 |     1 |     1 ||     7
 Armour: Robe              |    14 |    20 |    62 |    10 ||   106
         Skin              |       |    20 |     2 |       ||    22
         Ring mail         |       |       |       |    60 ||    60
  Dodge: Dodged            |    10 |    16 |    41 |    60 ||   127

Table legend: (Time is in decaauts)
 A = Elapsed time spent in this place.
 B = Non-inter-level travel time spent in this place.
 C = Inter-level travel time spent in this place.
 D = Time resting spent in this place.
 E = Time spent auto-exploring this place.
 F = Levels seen in this place.
 G = Mean time per level.
                   A        B        C        D        E       F      G
               +--------+--------+--------+--------+--------+-----+--------+
         Total |   9368 |   8968 |    400 |   2003 |   5592 |  10 |  936.8 |
       Dungeon |   9318 |   8918 |    400 |   2003 |   5592 |   9 | 1035.3 |
        Temple |     50 |     50 |      0 |      0 |      0 |   1 |   50.0 |
               +--------+--------+--------+--------+--------+-----+--------+

Top non-repeatable levels by time:
     D:7: 1813 daAuts
     D:6: 1216 daAuts
     D:1: 1183 daAuts
     D:4: 1057 daAuts
     D:9: 995 daAuts
     D:2: 914 daAuts
     D:8: 810 daAuts
     D:5: 771 daAuts
     D:3: 555 daAuts
  Temple: 50 daAuts
